Map: Ascension to Aiur LE

Players

Jett

  • Race: Protoss Protoss
  • League: Master
  • Spawn Location: 11:00

PraetoR - Winner!

  • Race: Protoss Protoss
  • League: Master
  • Spawn Location: 5:00

Event: HopeTL

VOD

https://www.youtube.com/watch?v=fIOJgj8wW98&list=PL9QsjkBYtQM7NVZEDVfaNugqO61aBOlm6&index=1

Description

Time

  • Played on: Oct. 7, 2017, 6:57 p.m.
  • Length: 8:58
Show
View Real Time Build Order
Export as new Build Order

Jett Protoss 

Build Orders: Blink Stalkers 

Get SALT Encoding   

  12  0:01  Probe (Chrono Boost)  
  13  0:12  Probe (Chrono Boost)  
  14  0:18  Pylon  
  14  0:22  Probe (Chrono Boost)  
  15  0:36  Gateway, Probe (Chrono Boost)  
  15  0:41  Assimilator  
  16  0:46  Probe (Chrono Boost)  
  17  0:52  Assimilator  
  17  0:57  Probe (Chrono Boost)  
  18  1:08  Gateway, Probe (Chrono Boost)  
  20  1:18  Probe (Chrono Boost)  
  20  1:23  Cybernetics Core  
  20  1:29  Probe (Chrono Boost)  
  20  1:32  Pylon  
  21  1:39  Probe (Chrono Boost)  
  22  1:50  Probe (Chrono Boost)  
  23  1:59  Warp Gate (Chrono Boost)  
  23  2:00  Stalker x2  
  27  2:06  Pylon  
  27  2:13  Mothership Core  
  29  2:30  Stalker x2  
  34  2:44  Probe (Chrono Boost)  
  34  3:00  Nexus  
  34  3:02  Sentry  
  36  3:13  Twilight Council  
  36  3:18  Probe  
  35  3:38  Probe (Chrono Boost)  
  36  3:49  Robotics Facility  
  36  3:53  Blink (Chrono Boost)  
  36  3:56  Probe (Chrono Boost)  
  36  3:59  Pylon  
  37  4:13  Probe (Chrono Boost)  
  37  4:24  Probe x2  
  39  4:33  Gateway  
  39  4:34  Gateway  
  39  4:35  Probe  
  39  4:36  Probe  
  41  4:41  Stalker x2  
  41  4:45  Observer, Probe  
  46  4:48  Probe  
  48  4:56  Probe  
  49  5:00  Probe  
  49  5:04  Sentry  
  49  5:06  Probe  
  52  5:14  Probe  
  54  5:17  Probe  
  54  5:19  Gateway  
  54  5:21  Pylon, Gateway  
  55  5:26  Assimilator  
  55  5:27  Pylon  
  55  5:33  Immortal (Chrono Boost)  
  59  5:38  Pylon  
  59  5:42  Pylon  
  59  5:49  Sentry, Stalker  
  63  5:50  Probe x2  
  65  6:01  Stalker x2  
  65  6:02  Probe  
  70  6:09  Observer (Chrono Boost)  
  65  6:26  Probe x2  
  67  6:37  Probe  
  67  6:38  Probe  
  69  6:47  Probe  
  69  6:50  Probe  
  71  6:58  Nexus, Probe  
  71  7:00  Pylon  
  72  7:02  Probe  
  72  7:08  Charge (Chrono Boost), Probe  
  73  7:13  Assimilator  
  73  7:14  Probe  
  75  7:20  Probe  
  75  7:22  Immortal (Chrono Boost)  
  80  7:26  Probe  
  81  7:32  Probe  
  81  7:35  Forge  
  81  7:36  Templar Archives  
  82  7:38  Probe  
  82  7:39  Forge  
  82  7:42  Forge  
  83  7:44  Probe  
  83  7:50  Probe  
  85  7:54  Gateway  
  85  7:57  Zealot, Stalker, Probe  
  90  8:00  Zealot  
  90  8:03  Zealot, Probe  
  95  8:12  Zealot x2  
  89  8:24  Stalker x2  
  89  8:25  Stalker  
  90  8:39  Stalker  
  90  8:40  Stalker x2  
  87  8:42  Probe  
  83  8:52  Stalker x3  
Show
View Real Time Build Order
Export as new Build Order

PraetoR Protoss - Winner!

Build Orders: Zealot Archon 

Get SALT Encoding   

  12  0:01  Probe (Chrono Boost)  
  13  0:11  Probe (Chrono Boost)  
  14  0:17  Pylon  
  14  0:22  Probe (Chrono Boost)  
  15  0:35  Probe (Chrono Boost)  
  16  0:36  Gateway  
  16  0:41  Assimilator  
  16  0:46  Probe (Chrono Boost)  
  17  0:50  Assimilator  
  17  0:56  Probe (Chrono Boost)  
  18  1:07  Probe (Chrono Boost)  
  19  1:12  Gateway  
  19  1:17  Probe (Chrono Boost)  
  20  1:23  Cybernetics Core  
  20  1:28  Probe (Chrono Boost)  
  21  1:33  Pylon  
  21  1:38  Probe (Chrono Boost)  
  22  1:49  Probe (Chrono Boost)  
  23  1:59  Stalker x2, Probe (Chrono Boost)  
  28  2:03  Warp Gate (Chrono Boost)  
  28  2:10  Pylon  
  28  2:16  Mothership Core  
  30  2:29  Stalker  
  32  2:31  Stalker  
  34  2:41  Probe  
  35  2:53  Probe  
  36  3:00  Pylon  
  36  3:06  Probe  
  37  3:15  Nexus  
  37  3:18  Probe  
  38  3:37  Probe  
  38  3:41  Robotics Facility  
  39  3:45  Pylon  
  39  3:48  Twilight Council  
  39  3:51  Probe (Chrono Boost)  
  40  4:02  Pylon, Probe (Chrono Boost)  
  41  4:24  Dark Shrine  
  41  4:26  Probe x2 (Chrono Boost), Warp Prism (Chrono Boost)  
  45  4:37  Probe  
  45  4:38  Probe  
  46  4:40  Blink (Chrono Boost)  
  47  4:49  Probe  
  47  4:50  Probe  
  49  4:55  Gateway  
  49  4:59  Observer, Gateway  
  49  5:01  Probe  
  51  5:08  Gateway  
  51  5:09  Gateway  
  51  5:11  Probe  
  52  5:16  Probe  
  52  5:18  Pylon  
  53  5:22  Assimilator  
  53  5:24  Probe  
  53  5:26  Assimilator  
  53  5:27  Immortal  
  54  5:35  Probe  
  59  5:40  Dark Templar  
  61  5:43  Dark Templar  
  61  5:44  Probe  
  64  5:54  Probe  
  65  6:00  Probe  
  65  6:01  Immortal  
  66  6:06  Probe  
  71  6:12  Probe  
  72  6:19  Probe  
  72  6:20  Stalker x4  
  81  6:27  Probe  
  81  6:30  Pylon  
  81  6:32  Pylon  
  82  6:36  Pylon, Immortal  
  86  6:49  Stalker x2  
  86  6:52  Stalker  
  92  7:10  Immortal  
  92  7:12  Nexus  
  96  7:17  Stalker  
  98  7:32  Pylon x2, Stalker x2  
  98  7:36  Stalker  
  104  7:49  Archon  
  104  7:57  Stalker x5  
  114  8:04  Immortal  
  114  8:05  Stalker  
  116  8:08  Probe  
  115  8:28  Stalker x4  
  117  8:43  Stalker x2  
Tags
 
Add a new tag
Caveats
  • Supply blocks, unpowered buildings, or Contaminate may cause inaccurate times.
  • Supply counts are checked every 10 seconds.